 Dungeon Crawl Stone Soup version 0.30-a0-424-g7412bad402 (webtiles) character file.

Game seed: 14939791946515466809

9 cforsyth the Covered (level 2, 27/27 HPs)
             Began as a Minotaur Fighter on Dec 9, 2022.
             Quit the game on level 1 of the Dungeon.
             The game lasted 00:00:30 (158 turns).

cforsyth the Covered (Minotaur Fighter)              Turns: 158, Time: 00:00:31

Health: 27/27      AC:  7    Str: 20    XL:     2   Next: 3%
Magic:  1/1        EV:  9    Int:  5    God:
Gold:   25         SH:  4    Dex:  9    Spells: 1/1 levels left

rFire   . . .      SeeInvis .    a - +0 trident
rCold   . . .      Faith    .    c - +0 buckler
rNeg    . . .      Spirit   .    b - +0 scale mail
rPois   .          Reflect  .    (helmet restricted)
rElec   .          Harm     .    (no cloak)
rCorr   .          Rampage  .    (no gloves)
Will    .....                    (no boots)
Stlth   ..........               (no amulet)
HPRegen 0.24/turn                (no ring)
MPRegen 0.07/turn                (no ring)

@: no status effects
A: horns 2, retaliatory headbutt
a: no special abilities


You were on level 1 of the Dungeon.
You visited 1 branch of the dungeon, and saw 1 of its levels.

You collected 25 gold pieces.

Inventory:

Hand Weapons
 a - a +0 trident (weapon)
Armour
 b - a +0 scale mail (worn)
 c - a +0 buckler (worn)
Scrolls
 f - a scroll of enchant armour {unknown}
 g - a scroll of identify {unknown}
Potions
 d - a potion of might
 e - a potion of heal wounds {unknown}


   Skills:
 + Level 3.8 Fighting
 + Level 2.7 Polearms
 + Level 3.8 Armour
 + Level 3.8 Shields


You had one spell level left.
You didn't know any spells.
Your spell library was empty.

Dungeon Overview and Level Annotations

Branches:
Dungeon (1/15)

Altars:


Innate Abilities, Weirdness & Mutations

You have a pair of horns on your head.
You reflexively headbutt those who attack you in melee.


Message History

No target in view!
No target in view!
No target in view!
No target in view!
No target in view!
No target in view!
g - a scroll labelled OLEBEA KERUEGI No target in view!
No target in view!
No target in view!
No target in view!
No target in view!
You now have 12 gold pieces.
You now have 25 gold pieces (gained 13).
Found a stone staircase leading down.
No target in view!
No target in view!
A ball python comes into view.
You reach to attack!
You hit the ball python.
The ball python is heavily wounded.
The ball python bites you. You block the ball python's attack.
You closely miss the ball python. You headbutt the ball python.
You kill the ball python!
You have reached level 2!
No target in view!
Found a whip.
No target in view!
No target in view!
No target in view!
No target in view!
No target in view!
Key pressed, stopping explore.
No target in view!
No target in view!
No target in view!
No target in view!
No target in view!
An endoplasm comes into view.
The endoplasm quivers.
Are you sure you want to abandon this character and quit the game? (Confirm with "yes".)

. #.. #........... #.
#.#####...........
..)#........[........
#....................
....................#
#####...##..........# #
###..#..(...††...
..$.#######.#..........#
.......@..#..##........#
.#.#.#....##...........#
.................).....#
.#.#.#.###.#...........#
....... #.##.[.....>..#
.#.#.#J ..##..........#
....... ##............##
.#.#.#. ####.........#
#..........#


You could see an endoplasm.

Vanquished Creatures
  A dart slug (D:1)
  A goblin (D:1)
  2 hobgoblins (D:1)
  2 ball pythons (D:1)
6 creatures vanquished.

Notes
Turn   | Place    | Note
-------+----------+-------------------------------------------
     0 | D:1      | cforsyth the Minotaur Fighter began the quest for the Orb.
     0 | D:1      | Reached XP level 1. HP: 19/19 MP: 0/0
   142 | D:1      | Reached XP level 2. HP: 26/27 MP: 1/1
   158 | D:1      | Quit the game

Illustrated notes

Levels and vault maps discovered:
D:1:      saegor_arrival_simple_b, layout_rooms, serial_glass, glass_columns_c,
          glass_columns_c, glass_columns_a, glass_columns_a, glass_columns_a,
          glass_columns_b, feat_on_display

Action                   || total
-------------------------++-------
Melee: Trident           ||    13
       Headbutt          ||     1
Armor: Scale mail        ||     2
Dodge: Dodged            ||     4
Block: Buckler           ||     2

Table legend: (Time is in decaauts)
 A = Elapsed time spent in this place.
 B = Non-inter-level travel time spent in this place.
 C = Inter-level travel time spent in this place.
 D = Time resting spent in this place.
 E = Time spent auto-exploring this place.
 F = Levels seen in this place.
 G = Mean time per level.
                   A        B        C        D        E       F      G
               +--------+--------+--------+--------+--------+-----+--------+
         Total |    160 |    160 |      0 |      0 |    127 |   1 |  160.0 |
       Dungeon |    160 |    160 |      0 |      0 |    127 |   1 |  160.0 |
               +--------+--------+--------+--------+--------+-----+--------+

Top non-repeatable levels by time:
     D:1: 160 daAuts
